[Event "Commonwealth Open 2019"]
[Site "Delhi"]
[Date "2019.06.30"]
[Round "2.18"]
[White "Patil Harshal"]
[Black "Nitin, S.."]
[Result "0-1"]
[ECO "A05"]
[WhiteElo "1809"]
[BlackElo "2398"]
[Annotator "NA"]
[PlyCount "62"]
[EventDate "2019.06.30"]
[EventType "swiss"]
[EventCountry "IND"]
[SourceTitle "playchess.com"]
[Source "ChessBase"]
[SourceQuality "1"]
[TimeControl "5400+30"]

1. Nf3 Nf6 2. g3 g6 3. Bg2 Bg7 4. O-O O-O 5. d3 d5 6. c4 Nc6 7. a3 e5 8. Bg5 dxc4 9. dxc4 Be6 10. Qa4 Qe8 11. Nc3 Nd7 12. Nd5 Nb6 13. Qd1 Qc8 14. Nd2 f6 15. Be3 f5 16. Qc2 Rf7 17. Nb3 f4 18. Bxb6 axb6 19. Rfd1 Qf8 20. c5 b5 21. Nb4 fxg3 22. fxg3 Bh6 23. Kh1 Rf2 24. Rf1 Nxb4 25. axb4 Rxa1 26. Rxa1 Qf7 27. Rd1 Bxb3 28. Qxb3 Qxb3 29. Bd5+ Qxd5+ 30. Rxd5 Rxe2 31. Rd7 c6 0-1

[Event "Commonwealth Open 2019"]
[Site "Delhi"]
[Date "2019.06.30"]
[Round "2.19"]
[White "Rathnakaran, K.."]
[Black "du Plessis, Jan"]
[Result "1-0"]
[ECO "B01"]
[WhiteElo "2338"]
[BlackElo "1631"]
[Annotator "NA"]
[PlyCount "49"]
[EventDate "2019.06.30"]
[EventType "swiss"]
[EventCountry "IND"]
[SourceTitle "playchess.com"]
[Source "ChessBase"]
[SourceQuality "1"]
[TimeControl "5400+30"]

1. e4 d5 2. exd5 Qxd5 3. Nc3 Qd6 4. Nf3 Nf6 5. Be2 c6 6. d4 Bf5 7. Bg5 Nbd7 8. Qd2 Qc7 9. Bf4 Qd8 10. d5 Ne4 11. Nxe4 Bxe4 12. dxc6 Bxc6 13. O-O e6 14. Rad1 Be7 15. Nd4 Be4 16. Qe3 Bg6 17. Bb5 a6 18. Nxe6 fxe6 19. Bxd7+ Qxd7 20. Rxd7 Kxd7 21. Rd1+ Ke8 22. Qxe6 Rf8 23. Re1 Rf7 24. Bg5 Rd8 25. Bxe7 1-0

[Event "Commonwealth Open 2019"]
[Site "Delhi"]
[Date "2019.06.30"]
[Round "2.20"]
[White "Lim, Kian Hwa"]
[Black "Vaishali R"]
[Result "0-1"]
[ECO "C60"]
[WhiteElo "1644"]
[BlackElo "2338"]
[Annotator "NA"]
[PlyCount "68"]
[EventDate "2019.06.30"]
[EventType "swiss"]
[EventCountry "IND"]
[SourceTitle "playchess.com"]
[Source "ChessBase"]
[SourceQuality "1"]
[TimeControl "5400+30"]

1. e4 e5 2. Nf3 Nc6 3. Bb5 g6 4. d3 Bg7 5. c3 Nge7 6. O-O O-O 7. Nbd2 d6 8. Re1 a6 9. Ba4 h6 10. Nf1 f5 11. exf5 gxf5 12. Ng3 Qe8 13. Nh4 f4 14. Nh5 Ng6 15. Bb3+ Kh8 16. Nxg7 Kxg7 17. Nxg6 Qxg6 18. Bd5 Bh3 19. Kh1 Bf5 20. Be4 Bxe4 21. dxe4 Kh7 22. f3 Rg8 23. Rg1 Qh5 24. Bd2 Rg5 25. h3 Rag8 26. Qe2 Nd8 27. Raf1 Ne6 28. Be1 R5g6 29. Qf2 Rg3 30. Qe2 Ng5 31. Bxg3 fxg3 32. Qc4 Nxh3 33. Qf7+ Qxf7 34. gxh3 Qc4 0-1

[Event "Commonwealth Open 2019"]
[Site "Delhi"]
[Date "2019.06.30"]
[Round "2.21"]
[White "Jigna, Joshi"]
[Black "Sangma, Rahul"]
[Result "0-1"]
[ECO "C53"]
[WhiteElo "1405"]
[BlackElo "2298"]
[Annotator "NA"]
[PlyCount "58"]
[EventDate "2019.06.30"]
[EventType "swiss"]
[EventCountry "IND"]
[SourceTitle "playchess.com"]
[Source "ChessBase"]
[SourceQuality "1"]
[TimeControl "5400+30"]

1. e4 e5 2. Nf3 Nc6 3. Bc4 Bc5 4. c3 Qf6 5. d3 d6 6. Be3 Nge7 7. b4 Bb6 8. a4 a5 9. Bxb6 cxb6 10. b5 Nd8 11. Nbd2 Ne6 12. g3 O-O 13. h4 Qh6 14. Qe2 Kh8 15. Nf1 f5 16. N1h2 Bd7 17. Qd2 Qg6 18. exf5 Rxf5 19. Qe3 d5 20. Bb3 Nc5 21. Bc2 d4 22. cxd4 Nd5 23. Qd2 exd4 24. O-O-O Raf8 25. Nxd4 Qf6 26. Nb3 Rxf2 27. Qxf2 Nxb3+ 28. Bxb3 Qa1+ 29. Kd2 Qb2+ 0-1

[Event "Commonwealth Open 2019"]
[Site "Delhi"]
[Date "2019.06.30"]
[Round "2.22"]
[White "Divya Deshmukh"]
[Black "Ashutosh Jamwal"]
[Result "1-0"]
[ECO "B00"]
[WhiteElo "2414"]
[BlackElo "1412"]
[Annotator "NA"]
[PlyCount "87"]
[EventDate "2019.06.30"]
[EventType "swiss"]
[EventCountry "IND"]
[SourceTitle "playchess.com"]
[Source "ChessBase"]
[SourceQuality "1"]
[TimeControl "5400+30"]

1. e4 b6 2. d4 Bb7 3. Bd3 e6 4. Ne2 Nf6 5. Ng3 d5 6. e5 Nfd7 7. c3 c5 8. O-O cxd4 9. cxd4 Ba6 10. Bxa6 Nxa6 11. Nc3 Be7 12. Qg4 g6 13. Bh6 Nc7 14. Rac1 Bf8 15. Bg5 Be7 16. Bxe7 Qxe7 17. Nce4 Nb5 18. a4 dxe4 19. Qxe4 O-O 20. axb5 Rac8 21. Rc3 Rxc3 22. bxc3 f6 23. exf6 Nxf6 24. Qe2 Nd5 25. c4 Nf4 26. Qe4 Qf6 27. h3 h5 28. Kh1 h4 29. Ne2 Nxe2 30. Qxe2 Qxd4 31. Qxe6+ Kg7 32. f3 Qd3 33. Ra1 Rf5 34. f4 Rxf4 35. Qe5+ {[%emt 0:00:54] Rf3 gxf3+} Kh6 36. Kg1 Qf3 37. Ra2 Qxh3 38. Rc2 Qg4 {[%emt 0:01:41] Rg2 Qd1+} 39. Kh2 {[%emt 1:10:46] Qd8} Qe6 {[%emt 0:01:00] Qd3} 40. Qf6 Kh7 41. Qxh4+ Kg7 42. Qxf4 {[%emt 0:00:00] Qd8 Re2} Kh8 43. Qh6+ Kg8 44. Qxg6+ 1-0

[Event "Commonwealth Open 2019"]
[Site "Delhi"]
[Date "2019.06.30"]
[Round "2.23"]
[White "Tania, Sachdev"]
[Black "Chudasama Ankit"]
[Result "1-0"]
[ECO "D37"]
[WhiteElo "2401"]
[BlackElo "1852"]
[Annotator "NA"]
[PlyCount "79"]
[EventDate "2019.06.30"]
[EventType "swiss"]
[EventCountry "IND"]
[SourceTitle "playchess.com"]
[Source "ChessBase"]
[SourceQuality "1"]
[TimeControl "5400+30"]

1. d4 Nf6 2. c4 e6 3. Nf3 d5 4. Nc3 Be7 5. Qc2 O-O 6. cxd5 exd5 7. Bf4 c5 8. e3 a6 9. dxc5 Bxc5 10. Rd1 Qa5 11. a3 Be7 12. h3 Nc6 13. Bd3 Ne4 14. O-O Nxc3 15. bxc3 h6 16. Ra1 Be6 17. a4 Rac8 18. Qb2 Bf6 19. Rfc1 Nd8 20. Nd4 Re8 21. Bb1 Bd7 22. Qc2 Re4 23. Qd2 Re8 24. Qd3 Re4 25. f3 Rxf4 26. exf4 g6 27. Ba2 Ne6 28. Ne2 Bxa4 29. Bxd5 Qb6+ 30. Kh2 Bb5 31. Qb1 Qe3 32. Bxe6 Qxe6 33. Nd4 Qe3 34. Nxb5 axb5 35. Qe4 Qb6 36. Rab1 Bxc3 37. Rb3 b4 38. Rxb4 Qf6 39. Rxb7 Rc5 40. Qe8+ 1-0

[Event "Commonwealth Open 2019"]
[Site "Delhi"]
[Date "2019.06.30"]
[Round "2.24"]
[White "Kulkarni Bhakti"]
[Black "Sudarshan Bhat"]
[Result "1-0"]
[ECO "E10"]
[WhiteElo "2380"]
[BlackElo "1835"]
[Annotator "NA"]
[PlyCount "35"]
[EventDate "2019.06.30"]
[EventType "swiss"]
[EventCountry "IND"]
[SourceTitle "playchess.com"]
[Source "ChessBase"]
[SourceQuality "1"]
[TimeControl "5400+30"]

1. d4 Nf6 2. c4 e6 3. Nf3 c5 4. d5 b5 5. Qc2 exd5 6. cxd5 g6 7. Bg5 Bg7 8. Qxc5 Ne4 9. Qe3 Qa5+ 10. Nbd2 f5 11. g4 O-O 12. gxf5 Nxg5 13. Nxg5 Rxf5 14. Bh3 Re5 15. Qf4 Bb7 16. Qf7+ Kh8 17. Ne6 dxe6 18. Qe8+ 1-0

[Event "Commonwealth Open 2019"]
[Site "Delhi"]
[Date "2019.06.30"]
[Round "2.25"]
[White "Navalgund, Niranjan"]
[Black "Saypuri Srithan"]
[Result "1/2-1/2"]
[ECO "A85"]
[WhiteElo "2326"]
[BlackElo "1816"]
[Annotator "NA"]
[PlyCount "125"]
[EventDate "2019.06.30"]
[EventType "swiss"]
[EventCountry "IND"]
[SourceTitle "playchess.com"]
[Source "ChessBase"]
[SourceQuality "1"]
[TimeControl "5400+30"]

1. d4 f5 2. c4 Nf6 3. Nc3 e6 4. Nf3 Be7 5. g3 O-O 6. Bg2 d6 7. O-O a5 8. Qc2 Nc6 9. Rd1 Qe8 10. e4 fxe4 11. Nxe4 Nxe4 12. Qxe4 Qf7 13. Be3 Bf6 14. Rd2 e5 15. d5 Ne7 16. Ng5 Bxg5 17. Bxg5 Nf5 18. Rf1 Qg6 19. Be3 b6 20. b3 Bd7 21. a3 Rf6 22. Rb2 Raf8 23. Bc1 Qe8 24. b4 axb4 25. axb4 Nd4 26. f4 Qh5 27. Rbf2 Bf5 28. Qe3 Bg4 29. fxe5 Rxf2 30. Rxf2 Ne2+ 31. Rxe2 Bxe2 32. exd6 cxd6 33. Qe6+ Kh8 34. Qxd6 Qf5 35. Qf4 Qc8 36. Qd4 Qxc4 37. Qxc4 Bxc4 38. Bf4 Rd8 39. d6 Be6 40. Bc6 Kg8 41. Kf2 Kf7 42. Ke3 Bd7 43. Bd5+ Be6 44. Kd4 g5 45. Be5 Rc8 46. g4 Rc1 47. Be4 Rc4+ 48. Ke3 Rxb4 49. Bxh7 Rxg4 50. Bd3 Rb4 51. Kd2 Bd7 52. Kc3 Rh4 53. Bg3 Rg4 54. Bc4+ Rxc4+ 55. Kxc4 Bc6 56. Bf2 Ke6 57. Bxb6 Kxd6 58. Bd8 g4 59. Kd4 Bf3 60. Ke3 Ke6 61. h4 gxh3 62. Kxf3 h2 63. Kg2 1/2-1/2

[Event "Commonwealth Open 2019"]
[Site "Delhi"]
[Date "2019.06.30"]
[Round "2.26"]
[White "Bhambure, Shantanu"]
[Black "Singh Ojasva"]
[Result "1-0"]
[ECO "D35"]
[WhiteElo "2248"]
[BlackElo "1666"]
[Annotator "NA"]
[PlyCount "51"]
[EventDate "2019.06.30"]
[EventType "swiss"]
[EventCountry "IND"]
[SourceTitle "playchess.com"]
[Source "ChessBase"]
[SourceQuality "1"]
[TimeControl "5400+30"]

1. d4 d5 2. c4 e6 3. Nc3 Nf6 4. cxd5 exd5 5. Bg5 c6 6. e3 Bd6 7. Bd3 O-O 8. Qc2 h6 9. Bh4 Nbd7 10. Nf3 Re8 11. O-O Nf8 12. h3 g5 13. Bg3 g4 14. Ne5 gxh3 15. f4 Ng4 16. Qe2 hxg2 17. Kxg2 h5 18. Rh1 f6 19. Rxh5 fxe5 20. fxe5 Be7 21. Rah1 Bg5 22. Bf4 Bxf4 23. exf4 Re7 24. Rh8+ Kf7 25. R1h7+ Ke8 26. Rxf8+ 1-0

[Event "Commonwealth Open 2019"]
[Site "Delhi"]
[Date "2019.06.30"]
[Round "2.27"]
[White "Dubey Sanchay"]
[Black "Saurabh Anand"]
[Result "0-1"]
[ECO "C95"]
[WhiteElo "1823"]
[BlackElo "2351"]
[Annotator "NA"]
[PlyCount "71"]
[EventDate "2019.06.30"]
[EventType "swiss"]
[EventCountry "IND"]
[SourceTitle "playchess.com"]
[Source "ChessBase"]
[SourceQuality "1"]
[TimeControl "5400+30"]

1. e4 e5 2. Nf3 Nc6 3. Bb5 a6 4. Ba4 Nf6 5. O-O Be7 6. Re1 b5 7. Bb3 d6 8. c3 O-O 9. h3 Nb8 10. d4 Nbd7 11. Nbd2 Bb7 12. Bc2 Re8 13. Nf1 Bf8 14. Ng3 g6 15. a4 c5 16. d5 c4 17. Bg5 Nc5 18. Qd2 Be7 19. Kh1 Nfd7 20. Bh6 Qc7 21. a5 Bc8 22. Qe3 Nb7 23. Nf5 gxf5 24. exf5 Bf6 25. Ng5 Ndc5 26. Qg3 Kh8 27. Qh4 Nd3 28. Bxd3 cxd3 29. Bg7+ Kxg7 30. Qxh7+ Kf8 31. Ne4 Qd8 32. b4 Ke7 33. Qh6 Bh8 34. f6+ Kd7 35. Qh5 Rf8 36. Rad1 0-1

[Event "Commonwealth Open 2019"]
[Site "Delhi"]
[Date "2019.06.30"]
[Round "2.28"]
[White "Dutta Sarthak"]
[Black "Wagh Suyog"]
[Result "0-1"]
[ECO "A04"]
[WhiteElo "1702"]
[BlackElo "2250"]
[Annotator "NA"]
[PlyCount "102"]
[EventDate "2019.06.30"]
[EventType "swiss"]
[EventCountry "IND"]
[SourceTitle "playchess.com"]
[Source "ChessBase"]
[SourceQuality "1"]
[TimeControl "5400+30"]

1. Nf3 c5 2. c4 Nf6 3. g3 b6 4. Bg2 Bb7 5. O-O e6 6. Re1 Be7 7. Nc3 d6 8. d3 O-O 9. a3 Nc6 10. e4 Nd7 11. Rb1 Bf6 12. Bf4 Nde5 13. Qd2 Qd7 14. Rbd1 Rac8 15. Bg5 Qe7 16. Bxf6 Qxf6 17. Qf4 Qxf4 18. gxf4 Nxf3+ 19. Bxf3 Rfd8 20. Bg2 Ba8 21. Ne2 Kf8 22. Ng3 Rb8 23. a4 a6 24. e5 dxe5 25. fxe5 Nb4 26. Bxa8 Rxa8 27. Re3 Ra7 28. Ne4 Nc6 29. f4 Rad7 30. Rd2 Rd4 31. Kf2 Ne7 32. Kf3 Nc6 33. h4 Na5 34. Ke2 f5 35. exf6 gxf6 36. Rc2 Kf7 37. Rc3 h6 38. Kf3 Rg8 39. Re1 Rd7 40. Nf2 Nc6 41. Ne4 Nd4+ 42. Ke3 a5 43. Rf1 Rg4 44. Nf2 Rg3+ 45. Kd2 Rf3 46. Ke1 Re3+ 47. Kd2 Rf3 48. Ke1 Rxf4 49. Ne4 Rxf1+ 50. Kxf1 f5 51. Nd2 Kf6 0-1

[Event "Commonwealth Open 2019"]
[Site "Delhi"]
[Date "2019.06.30"]
[Round "2.29"]
[White "Michelle Catherina, P."]
[Black "Hoareau, Benjamin"]
[Result "1-0"]
[ECO "B41"]
[WhiteElo "2182"]
[BlackElo "1779"]
[Annotator "NA"]
[PlyCount "87"]
[EventDate "2019.06.30"]
[EventType "swiss"]
[EventCountry "IND"]
[SourceTitle "playchess.com"]
[Source "ChessBase"]
[SourceQuality "1"]
[TimeControl "5400+30"]

1. e4 c5 2. Nf3 e6 3. d4 cxd4 4. Nxd4 a6 5. Be2 Qc7 6. O-O Nf6 7. Nc3 Bb4 8. Qd3 b6 9. f4 Bb7 10. e5 Nd5 11. Ne4 b5 12. a4 Nc6 13. c3 Be7 14. axb5 Nxd4 15. Qxd4 a5 16. c4 Nb4 17. Nd6+ Bxd6 18. exd6 Qc8 19. Be3 O-O 20. Qc3 Qd8 21. Bd4 f6 22. Bc5 Rc8 23. Bxb4 axb4 24. Qxb4 Qb6+ 25. Kh1 Qe3 26. Rae1 Qh3 27. Bf3 Bxf3 28. Rxf3 Qh4 29. b3 Ra8 30. c5 e5 31. Qc4+ Kh8 32. Ref1 Ra2 33. fxe5 Qg5 34. R3f2 Rxf2 35. Rxf2 Qxe5 36. h3 Ra8 37. Rf1 h6 38. b6 Rb8 39. b4 Rc8 40. Rd1 Qh5 41. Qd5 Qe8 42. b5 Rb8 43. b7 Qe2 44. c6 1-0

[Event "Commonwealth Open 2019"]
[Site "Delhi"]
[Date "2019.06.30"]
[Round "2.30"]
[White "Hanif, Mollah"]
[Black "Sharma Isha"]
[Result "1/2-1/2"]
[ECO "C41"]
[WhiteElo "1650"]
[BlackElo "2151"]
[Annotator "NA"]
[PlyCount "115"]
[EventDate "2019.06.30"]
[EventType "swiss"]
[EventCountry "IND"]
[SourceTitle "playchess.com"]
[Source "ChessBase"]
[SourceQuality "1"]
[TimeControl "5400+30"]

1. e4 d6 2. d4 Nf6 3. Nc3 e5 4. Nf3 Nbd7 5. Bc4 Be7 6. O-O O-O 7. h3 c6 8. Bb3 b5 9. a3 a5 10. Qe2 Ba6 11. Qe3 b4 12. Ne2 c5 13. dxe5 dxe5 14. Rd1 c4 15. Ba4 Bc5 16. Qd2 Bxf2+ 17. Kf1 c3 18. bxc3 Nxe4 19. Qxd7 Qb6 20. Rd3 Rad8 21. Qc6 Rxd3 22. cxd3 Bxd3 23. Qxb6 Bxb6 24. Nxe5 Bxe2+ 25. Kxe2 Nxc3+ 26. Kf3 Nxa4 27. axb4 Nc3 28. Nd7 axb4 29. Nxb6 f6 30. Ra8 Rxa8 31. Nxa8 Na4 32. Ke3 b3 33. Kd2 b2 34. Bxb2 Nxb2 35. Nb6 Kf7 36. Kc2 Ke6 37. Kxb2 Ke5 38. Kc2 Kf4 39. Nc4 Kg3 40. Ne3 g6 41. Kd2 f5 42. Ke2 f4 43. Nd5 Kxg2 44. Nxf4+ Kg3 45. Ke3 g5 46. Ne6 h6 47. Nd4 Kxh3 48. Kf2 h5 49. Kg1 Kg3 50. Ne2+ Kf3 51. Nd4+ Ke4 52. Ne2 h4 53. Kg2 Ke3 54. Ng1 g4 55. Nh3 g3 56. Ng5 Kf4 57. Nh3+ Kg4 58. Ng1 1/2-1/2

[Event "Commonwealth Open 2019"]
[Site "Delhi"]
[Date "2019.07.01"]
[Round "3.1"]
[White "Thipsay, Praveen M"]
[Black "Gupta, Abhijeet"]
[Result "0-1"]
[ECO "B89"]
[WhiteElo "2405"]
[BlackElo "2606"]
[Annotator "ChessBase"]
[PlyCount "70"]
[EventDate "2019.06.30"]
[EventType "swiss"]
[EventCountry "IND"]
[SourceTitle "playchess.com"]
[Source "ChessBase"]
[SourceQuality "1"]
[TimeControl "5400+30"]

1. e4 c5 2. Nf3 d6 3. d4 cxd4 4. Nxd4 Nf6 5. Nc3 Nc6 6. Bc4 e6 7. Be3 a6 8. O-O Be7 9. Bb3 Qc7 10. f4 b5 11. f5 Nxd4 12. Bxd4 b4 13. Na4 e5 14. Be3 Rb8 15. c3 O-O 16. cxb4 Rxb4 17. Nc3 Bb7 18. Rc1 Qb8 19. a3 Rxe4 20. Nxe4 Bxe4 21. Rf2 h6 22. Bc2 Ba8 23. b4 d5 24. Bc5 Bxc5 25. bxc5 d4 26. Ba4 Rc8 27. c6 Ne4 28. Rfc2 Nc3 29. Rxc3 dxc3 30. Rxc3 Bxc6 31. Qc1 Bb7 32. h3 Qa7+ 33. Kf1 Rd8 34. Rc7 Qb6 35. Rc5 Rd4 0-1

[Event "Commonwealth Open 2019"]
[Site "Delhi"]
[Date "2019.07.01"]
[Round "3.2"]
[White "Nitin, S.."]
[Black "Aravindh, Chithambaram Vr."]
[Result "0-1"]
[ECO "B53"]
[WhiteElo "2398"]
[BlackElo "2598"]
[Annotator "ChessBase"]
[PlyCount "68"]
[EventDate "2019.06.30"]
[EventType "swiss"]
[EventCountry "IND"]
[SourceTitle "playchess.com"]
[Source "ChessBase"]
[SourceQuality "1"]
[TimeControl "5400+30"]

1. e4 c5 2. Nf3 d6 3. d4 cxd4 4. Qxd4 Nf6 5. h3 g6 6. Be2 Bg7 7. O-O O-O 8. Qe3 Nbd7 9. c4 b6 10. Nc3 Bb7 11. Rb1 Nc5 12. Nd2 e6 13. Bf3 d5 14. Qe2 d4 15. Nd1 e5 16. b4 Ne6 17. g3 a5 18. a3 axb4 19. axb4 Bh6 20. Qd3 Ra4 21. Nb2 Ra7 22. Re1 Qa8 23. Bg2 Ra3 24. Qe2 d3 25. Nxd3 Nd4 26. Qf1 Bxd2 27. Bxd2 Nxe4 28. Bh6 Nd2 29. Bxd2 Bxg2 30. Qxg2 Rxd3 31. Be3 Nf3+ 32. Kf1 e4 33. Rec1 Qa2 34. Ra1 Rd1+ 0-1

[Event "Commonwealth Open 2019"]
[Site "Delhi"]
[Date "2019.07.01"]
[Round "3.3"]
[White "Vaishali, R."]
[Black "Erigaisi, Arjun"]
[Result "1/2-1/2"]
[ECO "B51"]
[WhiteElo "2338"]
[BlackElo "2526"]
[Annotator "ChessBase"]
[PlyCount "134"]
[EventDate "2019.06.30"]
[EventType "swiss"]
[EventCountry "IND"]
[SourceTitle "playchess.com"]
[Source "ChessBase"]
[SourceQuality "1"]
[TimeControl "5400+30"]

1. e4 c5 2. Nf3 d6 3. Bb5+ Nd7 4. O-O a6 5. Bd3 Ngf6 6. Re1 e5 7. a4 b6 8. Bc4 Be7 9. c3 Bb7 10. d3 O-O 11. Nbd2 Bc6 12. Bb3 b5 13. d4 exd4 14. cxd4 c4 15. Bc2 Qc7 16. d5 Bb7 17. Nd4 b4 18. Nf5 Rfe8 19. b3 c3 20. Nc4 Bf8 21. a5 Rab8 22. Bg5 h6 23. Bxf6 Nxf6 24. Qd4 Qd8 25. Nfe3 Nd7 26. Nb6 Nxb6 27. axb6 Bc8 28. Qxb4 Rxb6 29. Qxc3 g6 30. Nc4 Rb5 31. Qg3 Rc5 32. h3 a5 33. Bd3 Ba6 34. Re2 Bg7 35. Rd1 a4 36. Qxd6 Qxd6 37. Nxd6 Bxd3 38. Red2 Ra8 39. bxa4 Ba6 40. f4 Bf8 41. Nb5 Rc4 42. d6 Rd8 43. Nc7 Bc8 44. e5 Rxa4 45. Nd5 Be6 46. Ne7+ Kg7 47. Nc6 Rc8 48. Nd4 Bd7 49. Rb2 Rcc4 50. Rb7 Bc8 51. Rb8 Rxd4 52. Rxd4 Rxd4 53. Rxc8 g5 54. f5 Bxd6 55. exd6 Rxd6 56. Rc5 h5 57. Kf2 Rd4 58. g3 Kf6 59. Ke3 Ra4 60. Kf3 Ra3+ 61. Kg2 Ra2+ 62. Kf3 Rh2 63. Rc7 Rxh3 64. Kg2 g4 65. Ra7 h4 66. gxh4 Rf3 67. Rb7 Ke5 1/2-1/2

[Event "Commonwealth Open 2019"]
[Site "Delhi"]
[Date "2019.07.01"]
[Round "3.4"]
[White "Swapnil, S. Dhopade"]
[Black "Rathnakaran, K.."]
[Result "1/2-1/2"]
[ECO "A04"]
[WhiteElo "2488"]
[BlackElo "2338"]
[Annotator "ChessBase"]
[PlyCount "60"]
[EventDate "2019.06.30"]
[EventType "swiss"]
[EventCountry "IND"]
[SourceTitle "playchess.com"]
[Source "ChessBase"]
[SourceQuality "1"]
[TimeControl "5400+30"]

1. Nf3 g6 2. d4 Bg7 3. g3 d6 4. Bg2 Nd7 5. c4 e5 6. Nc3 Ne7 7. O-O O-O 8. e4 h6 9. Be3 f5 10. dxe5 dxe5 11. Qd2 g5 12. exf5 Nxf5 13. h3 c6 14. Rad1 Qe7 15. Ne4 Nxe3 16. Qxe3 Nb6 17. Nd6 Rd8 18. Nxc8 Raxc8 19. b3 Rxd1 20. Rxd1 Re8 21. h4 e4 22. Re1 Nc8 23. Nd2 gxh4 24. Nxe4 Rf8 25. Re2 hxg3 26. Nxg3 Qxe3 27. Rxe3 Bd4 28. Rf3 Rxf3 29. Bxf3 Nd6 30. Kg2 Kf7 1/2-1/2

[Event "Commonwealth Open 2019"]
[Site "Delhi"]
[Date "2019.07.01"]
[Round "3.5"]
[White "Kunte, Abhijit"]
[Black "Saravana, Krishnan P."]
[Result "1/2-1/2"]
[ECO "A06"]
[WhiteElo "2478"]
[BlackElo "2290"]
[Annotator "ChessBase"]
[PlyCount "71"]
[EventDate "2019.06.30"]
[EventType "swiss"]
[EventCountry "IND"]
[SourceTitle "playchess.com"]
[Source "ChessBase"]
[SourceQuality "1"]
[TimeControl "5400+30"]

1. Nf3 d5 2. c4 c6 3. d4 Nf6 4. Qb3 dxc4 5. Qxc4 Bf5 6. g3 e6 7. Bg2 h6 8. O-O Be7 9. e3 O-O 10. Rd1 Nbd7 11. Qe2 Rc8 12. Ne1 Be4 13. f3 Bxb1 14. Rxb1 c5 15. dxc5 Bxc5 16. Nd3 Bb6 17. Kh1 Qc7 18. e4 e5 19. Bd2 Qc4 20. Bb4 Rfe8 21. b3 Qa6 22. Bf1 Bd4 23. Rbc1 Qb6 24. Rc2 Nb8 25. Rdc1 Rxc2 26. Qxc2 Nc6 27. Bc5 Bxc5 28. Qxc5 Nd7 29. Qxb6 axb6 30. Kg2 Rd8 31. Kf2 Kf8 32. Ke3 Ke7 33. f4 f6 34. Bh3 g5 35. b4 Ra8 36. Bxd7 1/2-1/2

[Event "Commonwealth Open 2019"]
[Site "Delhi"]
[Date "2019.07.01"]
[Round "3.6"]
[White "Sangma, Rahul"]
[Black "Thejkumar, M. S."]
[Result "0-1"]
[ECO "A06"]
[WhiteElo "2298"]
[BlackElo "2458"]
[Annotator "ChessBase"]
[PlyCount "46"]
[EventDate "2019.06.30"]
[EventType "swiss"]
[EventCountry "IND"]
[SourceTitle "playchess.com"]
[Source "ChessBase"]
[SourceQuality "1"]
[TimeControl "5400+30"]

1. Nf3 d5 2. e3 Nf6 3. c4 e6 4. b3 c5 5. Bb2 Nc6 6. cxd5 exd5 7. Bb5 Bd6 8. d4 cxd4 9. Nxd4 O-O 10. O-O Bc7 11. h3 Ne4 12. Nxc6 bxc6 13. Qd4 Nf6 14. Bd3 Qd6 15. g3 Bxh3 16. Bxh7+ Kxh7 17. Qh4+ Kg6 18. Qxh3 Rh8 19. Qg2 Ng4 20. e4 Qe6 21. Nc3 Rh2 22. Qf3 Rah8 23. Rae1 Ne5 0-1

[Event "Commonwealth Open 2019"]
[Site "Delhi"]
[Date "2019.07.01"]
[Round "3.7"]
[White "Karthikeyan, P.."]
[Black "Srihari L R"]
[Result "1/2-1/2"]
[ECO "A57"]
[WhiteElo "2445"]
[BlackElo "2200"]
[Annotator "NA"]
[PlyCount "72"]
[EventDate "2019.06.30"]
[EventType "swiss"]
[EventCountry "IND"]
[SourceTitle "playchess.com"]
[Source "ChessBase"]
[SourceQuality "1"]
[TimeControl "5400+30"]

1. d4 Nf6 2. c4 c5 3. d5 b5 4. Qc2 b4 5. e4 d6 6. h3 g6 7. Nf3 Bg7 8. Bd3 O-O 9. O-O e5 10. dxe6 Bxe6 11. Rd1 Qc7 12. Bf4 Nc6 13. Nbd2 Nd7 14. Rab1 a5 15. Nf1 Nde5 16. Qe2 $15 Rae8 17. Ne3 Nd4 18. Nxd4 cxd4 19. Nd5 Qc5 20. Rbc1 f5 21. exf5 Nxd3 22. Qxd3 Bxd5 23. cxd5 Qxd5 24. Qb3 Qxb3 25. axb3 Rxf5 26. Bxd6 Rd5 27. Bf4 g5 28. Bc7 d3 29. Bb6 d2 30. Rb1 Rc8 31. Kf1 Rc2 32. Ra1 Rb5 33. Bd8 Rd5 34. Bb6 Rb5 35. Bd8 Bxb2 36. Rxa5 Rxa5 1/2-1/2

[Event "Commonwealth Open 2019"]
[Site "Delhi"]
[Date "2019.07.01"]
[Round "3.8"]
[White "Ajay Karthikeyan"]
[Black "Laxman, R.R."]
[Result "1/2-1/2"]
[ECO "A45"]
[WhiteElo "2216"]
[BlackElo "2437"]
[Annotator "NA"]
[PlyCount "120"]
[EventDate "2019.06.30"]
[EventType "swiss"]
[EventCountry "IND"]
[SourceTitle "playchess.com"]
[Source "ChessBase"]
[SourceQuality "1"]
[TimeControl "5400+30"]

1. d4 Nf6 2. Bf4 e6 3. e3 c5 4. c3 Nc6 5. Nd2 d5 6. Ngf3 Nh5 7. Bg5 {[%emt 0:02:11] D02: 1 d4 d5 2 Nf3 sidelines, including 2...Nf6 3 g3 and 2...Nf6 3 Bf4} Qb6 (7... Qc7 8. Ne5 g6 9. Nxc6 bxc6 10. Be2 Rb8 11. Rb1 h6 12. Bh4 g5 13. Bxh5 gxh4 14. O-O Bd6 {1-0 (53) Harikrishna,P (2732)-Navara,D (2727) Prague 2018}) 8. Rb1 h6 9. Bh4 g5 10. Bg3 Nxg3 11. hxg3 cxd4 12. exd4 Bg7 13. Bd3 Bd7 14. O-O $146 ({Predecessor:} 14. Nb3 O-O-O {0-1 (51) Harvey,M (2349)-Van der Lende,I (2332) chess.com INT 2018}) 14... g4 15. Nh2 h5 16. Nb3 Ne7 17. Nc5 Bb5 18. b4 Bxd3 19. Qxd3 Qc6 20. b5 Qc7 21. b6 axb6 22. Qb5+ Nc6 23. Qxb6 Qxb6 24. Rxb6 Na5 25. f3 $15 Bh6 26. fxg4 Be3+ 27. Kh1 hxg4 28. Nxe6 Ke7 29. Nf4 Rxh2+ 30. Kxh2 Rh8+ 31. Nh3 gxh3 32. gxh3 Bd2 33. Rf3 Rc8 34. Rbf6 Rf8 35. R6f5 Nc4 36. Rxd5 b6 37. h4 f6 38. Rb5 Ke6 39. Kh3 f5 40. Rd3 Bh6 41. d5+ Kd7 42. d6 Bg7 43. Rf3 Be5 44. Rb4 Nd2 45. Rf2 Rg8 46. g4 Bxc3 47. Rbf4 Ne4 48. Re2 fxg4+ 49. Rxg4 Rxg4 50. Kxg4 Nxd6 51. a4 b5 52. axb5 Nxb5 53. h5 Nd6 54. Kg5 Nf7+ 55. Kf5 Bh8 56. Kg6 Ne5+ 57. Kh7 Bf6 58. Kg8 Ke6 59. h6 Kf5 60. h7 Ng6 1/2-1/2

[Event "Commonwealth Open 2019"]
[Site "Delhi"]
[Date "2019.07.01"]
[Round "3.9"]
[White "Varshini, V."]
[Black "Krishna, C R G"]
[Result "0-1"]
[ECO "B07"]
[WhiteElo "2087"]
[BlackElo "2481"]
[Annotator "ChessBase"]
[PlyCount "68"]
[EventDate "2019.06.30"]
[EventType "swiss"]
[EventCountry "IND"]
[SourceTitle "playchess.com"]
[Source "ChessBase"]
[SourceQuality "1"]
[TimeControl "5400+30"]

1. e4 d6 2. d4 Nf6 3. Nc3 Nbd7 4. Nf3 e5 5. dxe5 dxe5 6. Bc4 Be7 7. O-O c6 8. a4 a5 9. h3 Qc7 10. Qe2 h6 11. Ne1 g5 12. Nd3 Nf8 13. Nd1 Ng6 14. Bd2 Rg8 15. Bc3 Nf4 16. Nxf4 gxf4 17. Kh1 Rg5 18. Rb1 Bd7 19. b4 axb4 20. Bxb4 Rxa4 21. Bxe7 Kxe7 22. Nb2 Ra8 23. Nd3 Rag8 24. Qf3 Bc8 25. Nc5 Kf8 26. Qa3 Kg7 27. Nxb7 f3 28. Rg1 fxg2+ 29. Rxg2 Rxg2 30. Kxg2 Kh8+ 31. Kh2 Bxb7 32. Qa7 Qd7 33. Qxb7 Qd2 34. Qb6 Qf4+ 0-1